 Dungeon Crawl Stone Soup version 0.29-a0-359-g541a27f54d (webtiles) character file.

Game seed: 13671910497079525347

656 spaghetti the Magician (level 7, 0/36 HPs)
             Began as a Vine Stalker Conjurer on Apr 27, 2022.
             Slain by a black bear (2 damage)
             ... on level 6 of the Dungeon.
             The game lasted 00:09:31 (6074 turns).

spaghetti the Magician (Vine Stalker Conjurer)      Turns: 6074, Time: 00:09:31

Health: 0/36       AC:  7    Str:  9    XL:     7   Next: 55%
Magic:  0/16       EV: 12    Int: 20    God:
Gold:   273        SH:  0    Dex: 11    Spells: 14/17 levels left

rFire   + + .      SeeInvis .   l - staff of death {!astaff}
rCold   + . .      Faith    .   (no shield)
rNeg    + . .      Spirit   +   A - +2 robe {rF+}
rPois   .          Reflect  .   F - +0 helmet "Fukizaup" {rF+ rC+ rCorr Dex-2}
rElec   .          Harm     .   n - +1 cloak
rCorr   +          Rampage  .   (no gloves)
Will    .....                   (no boots)
Stlth   +++.......              (no amulet)
HPRegen 0.92/turn               (no ring)
MPRegen 0.15/turn               (no ring)

@: no status effects
A: fangs 2, regeneration 1, magic shield, antimagic bite, no potion heal 2
a: no special abilities


You were on level 6 of the Dungeon.
You visited 1 branch of the dungeon, and saw 6 of its levels.

You collected 273 gold pieces.


Innate Abilities, Weirdness & Mutations

You have extremely sharp teeth.
Your natural rate of healing is unusually fast.
When hurt, damage is shared between your health and your magic reserves.
Your bite disrupts and absorbs the magic of your enemies.
Potions cannot restore your health.


   Skills:
 * Level 3.2 Fighting
 * Level 1.9 Staves
 - Level 1.5 Dodging
 * Level 5.5 Stealth
 * Level 5.5 Spellcasting
 - Level 4.0 Conjurations
 + Level 0.7 Summonings


You had 14 spell levels left.
You knew the following spells:

 Your Spells              Type           Power      Damage    Failure   Level
a - Magic Dart            Conj           84%        1d7       2%          1
b - Searing Ray           Conj           42%        2d6       3%          2

Your spell library contained the following spells:

 Spells                   Type           Power      Damage    Failure   Level
 Summon Small Mammal      Summ           32%        N/A       9%          1
 Animate Skeleton         Necr           16%        N/A       11%         1
 Apportation              Tloc           10%        N/A       11%         1
 Call Imp                 Summ           8%         N/A       12%         2
 Dazzling Flash           Conj/Hex       26%        N/A       14%         3
 Mephitic Cloud           Conj/Pois/Air  10%        N/A       19%         3
 Frozen Ramparts          Ice            10%        1d3       32%         3
 Ozocubu's Armour         Ice            5%         N/A       32%         3
 Fulminant Prism          Conj/Hex       6%         3d7       43%         4
 Iskenderun's Mystic Bla  Conj/Tloc      13%        2d5       43%         4
 Summon Ice Beast         Ice/Summ       7%         N/A       67%         4
 Ice Form                 Ice/Tmut       5%         N/A       73%         4
 Summon Forest            Summ/Tloc      3%         N/A       95%         5
 Summon Mana Viper        Hex/Summ       7%         N/A       95%         5
 Alistair's Intoxication  Tmut/Pois      3%         N/A       97%         5
 Summon Cactus Giant      Summ           4%         N/A       100%        6
 Ozocubu's Refrigeration  Ice            2%         4d5       100%        7

Inventory:

Hand Weapons
 s - a +1 dagger of venom {short}
   (You took it off an orc priest on level 6 of the Dungeon)
Missiles
 g - 6 atropa-tipped darts {throwing}
 t - 107 stones {throwing}
 U - 9 poisoned darts {throwing}
Armour
 a - a +0 robe
 n - a +1 cloak (worn)
   (You found it on level 1 of the Dungeon)
 q - a scarf of resistance
   (You found it on level 5 of the Dungeon)
 A - a +2 robe of fire resistance (worn)
   (You found it on level 2 of the Dungeon)
 F - the +0 helmet "Fukizaup" (worn) {rF+ rC+ rCorr Dex-2}
   (You took it off Robin on level 2 of the Dungeon)

   Dex:       It affects your dexterity (-2).
   rF:        It protects you from fire.
   rC:        It protects you from cold.
   rCorr:     It protects you from acid and corrosion.
Magical Staves
 l - a staff of death (weapon) {!astaff}
   (You acquired it on level 3 of the Dungeon)
Scrolls
 d - 4 scrolls of holy word
 e - a scroll of fog
 i - a scroll of fear
 j - a scroll of brand weapon
 o - 2 scrolls of immolation {!r!r}
 p - a scroll of noise {unknown}
 r - a scroll of amnesia {unknown}
 v - a scroll of enchant armour {unknown}
 w - 3 scrolls of teleportation {@r4}
 R - a scroll of vulnerability {unknown}
 W - 3 scrolls of magic mapping {unknown}
 X - 2 scrolls of enchant weapon
Potions
 b - a potion of magic
 c - 3 potions of heal wounds {unknown}
 f - 3 potions of might {unknown}
 h - 2 potions of curing {unknown}
 k - a potion of resistance {unknown}
 m - 2 potions of mutation {unknown}
 u - a potion of berserk rage {unknown}
 z - 3 potions of flight {unknown}
 V - a potion of invisibility {unknown}

Dungeon Overview and Level Annotations

Branches:
Dungeon (6/15)             Temple (0/1) D:6

Altars:
Fedhas

Shops:
D:6 (

Annotations:
D:5 1 runed translucent door, BeAPotato's ghost, amateur OgTm
D:6 exclusions: door and 1 more exclusion

####....# ........#
...)....# ........#
.# ...$.)..# .#
.......)##.#
....oo..)#.#
=.h.##.#h#.# .
#.#@#.#
#.#.#.########
#.#............#
#.##...........#
#####+##...........#
#..................
#.......)>).).....
#........#........
#........######+##


You could see a black bear (berserk).


Message History

The searing ray misses the orc priest.
The orc priest calls upon Beogh to heal the orc wizard.
The orc wizard is healed somewhat. 😎 MP[-1]
You lost 1 mp, and now have 9/16 mp.
The searing ray hits the orc wizard.
You kill the orc wizard!
The searing ray misses the orc wizard.
The searing ray hits the orc priest. 😎 MP[-1]
You lost 1 mp, and now have 8/16 mp.
The searing ray hits the orc wizard.
The searing ray hits the orc priest!
You finish channelling your searing ray.
The orc wizard mumbles some strange words.
The orc wizard flickers and vanishes!
Deactivating autopickup; reactivate with Ctrl-A.
The orc wizard mumbles some strange words.
The orc wizard flickers and vanishes! 😎 MP[-1]
You lost 1 mp, and now have 7/16 mp.
Casting: Searing Ray (safe; 3% risk of failure)
Confirm with . or Enter, or press ? or * to list all spells.
Aiming: Searing Ray (safe; 3% risk of failure)
Press: ? - help, Shift-Dir - straight line, f/p - orc priest
Aim: an orc priest, wielding a +0 antimagic hand axe and wearing a +0 leather armour (severely wounded, 78% to hit)
The searing ray hits the orc!
You kill the orc!
The searing ray hits the orc priest.
The searing ray hits the black bear! (Press . to maintain the ray.) 😎 MP[-2]
You lost 2 mp, and now have 5/16 mp.
The searing ray hits something.
The searing ray hits the orc priest but does no damage.
Something hits you but does no damage.
The orc priest casts a cantrip, but nothing happens. 😎 MP[-1]
You lost 1 mp, and now have 4/16 mp.
The searing ray hits something!
Reactivating autopickup.
You feel a bit more experienced.
The searing ray hits the orc priest.
You kill the orc priest!
The searing ray misses the black bear.
You finish channelling your searing ray.
The black bear bites you but does no damage.
The black bear claws you but does no damage.
The black bear closely misses you. 😎 MP[-1]
You lost 1 mp, and now have 3/16 mp.
You hit the black bear.
You punch the black bear, but do no damage.
You bite the black bear. You drain its power.
You feel invigorated. The black bear barely misses you.
The black bear claws you but does no damage. x2 😎 MP[+1]
You hit the black bear.
The black bear bites you but does no damage.
The black bear misses you. The black bear barely misses you.
You hit the black bear. You bite the black bear. You drain its power.
You feel invigorated. The black bear bites you.
The black bear completely misses you.
The black bear claws you but does no damage. 😕 HP[-3] MP[+9]
You take 3 damage, and now have 33/36 hp.
You regained 9 mp, and now have 13/16 mp.
Unknown command.
Casting: Searing Ray (safe; 3% risk of failure)
Confirm with . or Enter, or press ? or * to list all spells.
Aiming: Searing Ray (safe; 3% risk of failure)
Press: ? - help, Shift-Dir - straight line, f - black bear
Aim: a black bear (severely wounded, 84% to hit)
The searing ray hits the black bear.
The searing ray hits something. (Press . to maintain the ray.)
The black bear goes berserk! 😕 HP[+1] MP[-2]
You lost 2 mp, and now have 11/16 mp.
The searing ray misses the black bear.
The searing ray hits something!
The black bear bites you!
The black bear claws you but does no damage.
The black bear claws you. The black bear bites you! The black bear claws you.
* * * LOW HITPOINT WARNING * * *
The black bear claws you.
* * * LOW HITPOINT WARNING * * *
😨 HP[-22] MP[-8]
You take 22 damage, and now have 12/36 hp.
MASSIVE DAMAGE!! (PAUSE)
You lost 8 mp, and now have 3/16 mp.
The searing ray hits the black bear.
The black bear misses you. The black bear claws you.
* * * LOW HITPOINT WARNING * * *
The black bear claws you.
* * * LOW HITPOINT WARNING * * *
😱 HP[-4] MP[-1]
You take 4 damage, and now have 8/36 hp.
You lost 1 mp, and now have 2/16 mp.
The searing ray hits the black bear.
The searing ray hits something!
You feel a bit more experienced.
You finish channelling your searing ray.
The black bear bites you!
* * * LOW HITPOINT WARNING * * *
The black bear claws you.
You die...

Skill      XL: |  1  2  3  4  5  6  7 |
---------------+----------------------+-----
Spellcasting   | 3 4 5 |  5.5
Fighting       | 1 2 3 |  3.2
Stealth        | 3 4 5 |  5.5
Staves         | 1 |  1.9
Dodging        | |  1.5
Conjurations   | |  4.0
Summonings     | |  0.7

Action                   |  1- 3 |  4- 6 |  7- 9 || total
-------------------------+-------+-------+-------++-------
Melee: Unarmed           |    16 |    19 |       ||    35
       Bite              |     2 |    12 |     6 ||    20
       Staff             |       |    33 |     8 ||    41
       Punch             |       |     1 |     1 ||     2
 Cast: Magic Dart        |    74 |   104 |       ||   178
       Searing Ray       |     2 |     5 |     8 ||    15
  Use: Scroll            |       |     9 |       ||     9
Armor: Robe              |     6 |    21 |     9 ||    36
Dodge: Dodged            |    28 |    50 |     9 ||    87

Levels and vault maps discovered:
D:1:      amcnicky_arrival_underground_garden, layout_loops_corners
D:2:      layout_basic, serial_corexii_hall, corexii_hall_statues_deadend,
          corexii_hall_statues_i, shapermc_ecumenical_altar_rom_forum,
          uniq_terence, uniq_robin
D:3:      layout_loops_cross, cheibrodos_sewer_entry_bend
D:4:      layout_rooms, kennysheep_boxes
D:5:      layout_cave_pods, mainiacjoe_overflow_cross_hatched,
          ebering_ghost_reflecting_pool
D:6:      layout_basic, temple_doors_e, serial_shops,
          nicolae_shop_bloodbath_and_beyond, grunt_potential

Notes
Turn   | Place    | Note
-------+----------+-------------------------------------------
     0 | D:1      | spaghetti the Vine Stalker Conjurer began the quest for the
                  | Orb.
     0 | D:1      | Reached XP level 1. HP: 9/9 MP: 4/4
     0 | D:1      | magus.rc [v1.9.6]
   354 | D:1      | Reached XP level 2. HP: 13/13 MP: 3/6
   468 | D:1      | Reached skill level 3 in Spellcasting
  1453 | D:2      | Reached XP level 3. HP: 14/17 MP: 0/8
  1456 | D:2      | Learned a level 2 spell: Searing Ray
  1636 | D:2      | Found a faded altar of an unknown god.
  1641 | D:2      | Got Plato's Reference Book on Displacement
  1857 | D:2      | Noticed Terence
  1863 | D:2      | Killed Terence
  1864 | D:2      | Reached skill level 1 in Fighting
  1864 | D:2      | Reached skill level 3 in Stealth
  1864 | D:2      | Gained mutation: Your natural rate of healing is unusually
                  | fast. [Vine Stalker growth]
  1864 | D:2      | Reached XP level 4. HP: 7/22 MP: 0/10
  2007 | D:2      | You add the spells Ozocubu's Armour and Ozocubu's
                  | Refrigeration to your library.
  2114 | D:2      | Identified the +0 helmet "Fukizaup" {rF+ rC+ rCorr Dex-2}
  2114 | D:2      | Noticed Robin
  2133 | D:2      | Killed Robin
  2134 | D:2      | Reached skill level 4 in Spellcasting
  2355 | D:2      | You pick up a book of Cantrips and begin reading...
  2355 | D:2      | You add the spells Animate Skeleton and Summon Small Mammal
                  | to your library.
  2804 | D:3      | You pick up a book of Rime and begin reading...
  2804 | D:3      | You add the spells Frozen Ramparts, Ice Form and Summon Ice
                  | Beast to your library.
  3034 | D:3      | Identified a scroll of acquirement
  3041 | D:3      | Acquired a staff of death
  3255 | D:3      | Noticed a scorpion
  3261 | D:3      | Killed a scorpion
  3262 | D:3      | Reached XP level 5. HP: 26/26 MP: 5/12
  4563 | D:5      | Entered Level 5 of the Dungeon
  4648 | D:5      | Reached skill level 4 in Stealth
  4657 | D:5      | Reached skill level 2 in Fighting
  4657 | D:5      | Reached XP level 6. HP: 30/30 MP: 8/14
  4787 | D:5      | Found a blossoming altar of Fedhas.
  4815 | D:5      | Found a runed translucent door.
  4857 | D:5      | Noticed BeAPotato's ghost (amateur OgTm)
  4949 | D:5      | You pick up a book of Minor Magic and begin reading...
  4949 | D:5      | You add the spells Call Imp and Mephitic Cloud to your
                  | library.
  5402 | D:5      | Reached skill level 5 in Spellcasting
  5753 | D:6      | Reached skill level 1 in Staves
  5753 | D:6      | Reached skill level 5 in Stealth
  5766 | D:6      | Found Padozuvunt's Weapon Shop.
  5777 | D:6      | Reached XP level 7. HP: 35/35 MP: 11/15
  5823 | D:6      | You pick up a book of the Wilderness and begin reading...
  5823 | D:6      | You add the spells Summon Forest, Summon Mana Viper and
                  | Summon Cactus Giant to your library.
  5848 | D:6      | You pick up a book of Party Tricks and begin reading...
  5976 | D:6      | Found a staircase to the Ecumenical Temple.
  6019 | D:6      | Reached skill level 3 in Fighting
  6073 | D:6      | HP: 8/36 [black bear (3)]
  6074 | D:6      | HP: 2/36 [black bear (7)]
  6074 | D:6      | Slain by a black bear

Vanquished Creatures
  A necrophage (D:6)
  2 scorpions
  2 hounds
  4 orc priests (D:6)
  A jelly (D:5)
  An iguana (D:5)
  Terence (D:2)
  4 orc wizards (D:6)
  Robin (D:2)
  4 adders
  5 worms
  5 orcs (D:6)
  6 bats
  6 endoplasms
  A giant cockroach (D:3)
  15 goblins
  12 hobgoblins
  4 jackals
  4 ball pythons
  4 frilled lizards
  3 kobolds
  4 rats
90 creatures vanquished.

Vanquished Creatures (others)
  3 fungi (D:2)
  A plant (D:2)
4 creatures vanquished.

Grand Total: 94 creatures vanquished

Table legend:
 A = Non-vault XP
 B = Vault XP
 C = Vault XP percentage of total XP
 D = Non-vault monster count
 E = Vault monster count
 F = Vault count percentage of total count
                 A         B        C        D         E       F
            +---------+---------+-------+---------+---------+-------
      Total |     889 |      84 |   8.6 |      74 |      16 |  17.8
            +---------+---------+-------+---------+---------+-------
        D:1 |      31 |       0 |   0.0 |      20 |       0 |   0.0
        D:2 |      21 |      74 |  77.9 |      11 |      14 |  56.0
        D:3 |     111 |      10 |   8.3 |      12 |       2 |  14.3
        D:4 |      18 |       0 |   0.0 |       8 |       0 |   0.0
        D:5 |     247 |       0 |   0.0 |       8 |       0 |   0.0
        D:6 |     461 |       0 |   0.0 |      15 |       0 |   0.0
            +---------+---------+-------+---------+---------+-------

Illustrated notes

Table legend:
 A = Kills in this place as a percentage of kills in entire the game.
 B = Kills by you in this place as a percentage of kills by you in the entire game.
 C = Kills by friends in this place as a percentage of kills by friends in the entire game.
 D = Other kills in this place as a percentage of other kills in the entire game.
 E = Experience gained in this place as a percentage of experience gained in the entire game.
 F = Experience gained in this place divided by the number of levels of this place that you have seen.
                   A       B       C       D       E      F
               +-------+-------+-------+-------+-------+----------------------
         Total | 100.0 | 100.0 |   N/A |   N/A | 100.0 | 162.2
       Dungeon | 100.0 | 100.0 |   N/A |   N/A | 100.0 | 162.2
               +-------+-------+-------+-------+-------+----------------------

Table legend: (Time is in decaauts)
 A = Elapsed time spent in this place.
 B = Non-inter-level travel time spent in this place.
 C = Inter-level travel time spent in this place.
 D = Time resting spent in this place.
 E = Time spent auto-exploring this place.
 F = Levels seen in this place.
 G = Mean time per level.
                   A        B        C        D        E       F      G
               +--------+--------+--------+--------+--------+-----+--------+
         Total |   6085 |   5852 |    233 |    193 |   5080 |   6 | 1014.2 |
       Dungeon |   6085 |   5852 |    233 |    193 |   5080 |   6 | 1014.2 |
               +--------+--------+--------+--------+--------+-----+--------+

Top non-repeatable levels by time:
     D:1: 1446 daAuts
     D:2: 1176 daAuts
     D:3: 1160 daAuts
     D:5: 1159 daAuts
     D:4: 784 daAuts
     D:6: 357 daAuts
